Map: Eternal Empire LE

Players

Astrea

  • Race: Protoss Protoss
  • League: Master
  • Spawn Location: 1:00

Cuddlebear - Winner!

  • Race: Terran Terran
  • League: Master
  • Spawn Location: 7:00

VOD

Have the link to the VOD?

Description

Time

  • Played on: July 24, 2020, 10:53 p.m.
  • Length: 9:10
Show
View Real Time Build Order
Export as new Build Order

Astrea Protoss 

Build Orders: 1 Gate Expand, Blink Stalkers 

Get SALT Encoding   

  12  0:00  Probe  
  13  0:13  Probe  
  14  0:17  Pylon  
  14  0:23  Probe  
  15  0:31  Probe  
  16  0:37  Gateway  
  16  0:39  Probe  
  16  0:45  Assimilator  
  17  0:51  Probe  
  18  1:03  Probe  
  19  1:15  Probe  
  20  1:24  Cybernetics Core  
  20  1:32  Nexus  
  20  1:35  Probe  
  21  1:41  Pylon  
  21  1:47  Probe  
  21  1:50  Adept, Assimilator  
  22  1:59  Probe  
  25  2:06  Shield Battery  
  25  2:09  Warp Gate  
  25  2:12  Stalker  
  25  2:13  Probe  
  28  2:25  Probe  
  29  2:36  Twilight Council  
  29  2:37  Probe  
  29  2:40  Probe  
  30  2:48  Probe  
  30  2:49  Probe  
  33  3:02  Probe  
  33  3:03  Probe  
  35  3:06  Robotics Facility  
  35  3:10  Blink  
  35  3:14  Probe  
  35  3:15  Probe  
  37  3:26  Probe  
  38  3:27  Probe  
  39  3:38  Probe  
  39  3:39  Gateway  
  39  3:40  Gateway  
  40  3:41  Probe  
  40  3:47  Pylon  
  41  3:50  Probe  
  41  3:54  Probe  
  43  3:57  Pylon, Observer, Shield Battery  
  43  3:58  Stalker  
  46  4:05  Probe  
  46  4:06  Probe  
  46  4:07  Pylon, Assimilator  
  48  4:10  Warp Prism  
  48  4:11  Assimilator  
  48  4:17  Shield Battery, Probe  
  48  4:18  Probe  
  52  4:35  Stalker x3  
  52  4:38  Probe x2  
  60  4:45  Pylon  
  60  4:47  Observer  
  60  4:49  Pylon  
  57  5:01  Probe  
  57  5:06  Observer  
  56  5:09  Stalker x3  
  56  5:12  Probe  
  56  5:13  Probe  
  63  5:29  Probe  
  63  5:30  Probe  
  65  5:40  Pylon, Stalker x3  
  65  5:42  Probe x2  
  67  5:50  Probe x2  
  67  5:55  Nexus  
  68  6:03  Probe x2  
  68  6:11  Pylon  
  70  6:18  Probe x2  
  70  6:25  Sentry x3  
  78  6:26  Charge  
  78  6:30  Probe  
  78  6:31  Forge x2, Probe  
  80  6:36  Protoss Ground Weapons Level 1, Protoss Ground Armor Level 1  
  80  6:45  Probe x2  
  82  6:51  Observer, Robotics Bay  
  83  6:57  Probe x2  
  85  7:06  Pylon  
  85  7:09  Probe x2  
  87  7:16  Probe  
  87  7:20  Nexus  
  87  7:21  Probe x2  
  90  7:26  Gateway  
  90  7:27  Gateway  
  90  7:29  Probe  
  91  7:33  Probe x2  
  93  7:39  Colossus  
  93  7:41  Probe  
  100  7:45  Pylon, Probe x2  
  102  7:53  Probe  
  102  7:57  Probe  
  102  7:58  Probe  
  103  8:00  Assimilator  
  103  8:04  Assimilator  
  103  8:09  Zealot x3  
  109  8:12  Gateway  
  109  8:13  Gateway  
  109  8:15  Gateway  
  109  8:20  Probe x3  
  109  8:23  Templar Archives  
  109  8:24  Pylon  
  112  8:30  Sentry x2  
  112  8:31  Sentry x3  
  112  8:44  Shield Battery x2  
  112  8:45  Shield Battery  
  112  8:46  Shield Battery  
  108  8:55  Zealot x5  
Show
View Real Time Build Order
Export as new Build Order

Cuddlebear Terran - Winner!

Build Orders:  

Get SALT Encoding   

  12  0:00  SCV  
  13  0:13  SCV  
  14  0:19  Supply Depot  
  14  0:25  SCV  
  15  0:33  Refinery  
  15  0:41  SCV  
  16  0:47  Barracks  
  16  0:53  SCV  
  17  1:05  SCV  
  18  1:17  SCV  
  20  1:36  Reaper  
  20  1:37  Orbital Command  
  20  1:46  Command Center  
  20  2:00  Factory  
  20  2:03  SCV  
  21  2:12  Barracks Reactor  
  21  2:17  Supply Depot  
  21  2:18  SCV  
  22  2:26  Refinery  
  22  2:30  SCV  
  23  2:50  SCV, Starport  
  24  2:53  Hellion x2  
  28  2:58  Orbital Command  
  28  3:03  SCV  
  28  3:13  Armory  
  28  3:15  SCV  
  28  3:18  Widow Mine  
  31  3:22  Widow Mine  
  31  3:25  SCV  
  34  3:27  SCV  
  35  3:37  SCV  
  35  3:39  SCV, Medivac  
  39  3:46  Widow Mine x2  
  43  3:49  SCV  
  43  3:51  SCV  
  43  3:53  Supply Depot  
  45  3:59  Barracks Tech Lab  
  45  4:01  SCV  
  46  4:05  Supply Depot  
  46  4:15  SCV x2  
  48  4:19  Starport Tech Lab  
  48  4:20  Bunker  
  48  4:24  Siege Tank  
  48  4:27  SCV x2  
  48  4:29  Marine  
  48  4:30  Marine  
  55  4:34  Supply Depot  
  55  4:39  SCV x2  
  57  4:49  Marine x2  
  57  4:51  SCV x2  
  60  4:57  Raven  
  62  5:11  Marine x2  
  62  5:12  SCV  
  65  5:18  Siege Tank, Barracks  
  65  5:19  Barracks  
  65  5:20  Bunker  
  65  5:21  Command Center, Bunker  
  66  5:23  SCV  
  63  5:28  Marine  
  63  5:29  SCV, Marine  
  67  5:35  SCV  
  67  5:42  SCV  
  66  5:46  Marine x2  
  66  5:47  SCV  
  69  5:54  SCV  
  69  5:57  Refinery x2  
  66  5:59  Engineering Bay x2  
  66  6:00  SCV  
  66  6:02  Siege Tank  
  68  6:04  Marine x2  
  68  6:10  Barracks Tech Lab  
  70  6:15  Starport Reactor  
  70  6:17  SCV x2  
  70  6:19  Supply Depot  
  70  6:23  Marine x3, Stimpack  
  73  6:29  SCV  
  73  6:30  Marine, Terran Infantry Weapons Level 1  
  73  6:32  SCV  
  76  6:40  Siege Tank  
  76  6:41  SCV  
  76  6:44  Orbital Command  
  81  6:50  Marine x2  
  81  6:52  Terran Infantry Armor Level 1  
  83  7:00  Barracks x2  
  82  7:02  Medivac  
  84  7:09  Medivac  
  84  7:12  Marine x3  
  84  7:13  Marauder  
  88  7:21  Orbital Command  
  88  7:23  Supply Depot  
  88  7:28  Siege Tank  
  91  7:30  Marine  
  91  7:31  Marauder  
  91  7:34  Marauder  
  96  7:38  Medivac, Marine  
  99  7:46  SCV x2  
  99  7:49  Marine  
  99  7:51  SCV  
  101  7:52  Marauder  
  101  7:56  Marauder, Marine x2  
  106  7:58  SCV x2  
  106  8:03  SCV  
  106  8:04  Marine  
  110  8:07  Marine  
  110  8:09  Concussive Shells  
  110  8:12  Siege Tank  
  114  8:14  Marauder, Marine  
  117  8:26  Marine  
  117  8:28  Marine  
  117  8:30  Marauder  
  117  8:31  Marine  
  116  8:34  Marine  
  116  8:35  Marauder  
  112  8:44  Marine  
  112  8:46  Marine  
  112  8:48  Marine  
Tags
 
Add a new tag
Caveats
  • Supply blocks, unpowered buildings, or Contaminate may cause inaccurate times.
  • Supply counts are checked every 10 seconds.